 Dungeon Crawl Stone Soup version 0.30-a0-946-gec5dcfc036 (webtiles) character file.

Game seed: 17762327983124557698

115579 2tousent the Nimble (level 16, -4/114 (130) HPs)
             Began as a Demonspawn Enchanter on Mar 26, 2023.
             Was the Champion of Dithmenos.
             Slain by a tyrant leech (22 damage)
             ... on level 4 of the Swamp on Mar 27, 2023.
             The game lasted 00:58:24 (25062 turns).

2tousent the Nimble (Demonspawn Enchanter)         Turns: 25062, Time: 00:58:24

HP:   -4/114 (130)  AC: 12    Str: 13    XL:     16   Next: 19%
MP:   9/19          EV: 27    Int: 17    God:    Dithmenos [******]
Gold: 3417          SH:  0    Dex: 28    Spells: 2/19 levels left

rFire   + . .      SeeInvis +    d - +2 dagger (drain)
rCold   + . .      Faith    .    (no shield)
rNeg    . . .      Spirit   .    Y - +0 steam dragon scales
rPois   +          Reflect  .    V - +0 helmet
rElec   +          Rampage  .    H - +2 cloak {Stlth+}
rCorr   .                        A - +1 pair of gloves of Gehenna {rPois Str+6 Dex+2 SInv}
Will    +....                    O - +0 pair of boots Stlth **********
                                 m - amulet of regeneration
HPRegen 1.19/turn                I - ring of flight
MPRegen 0.16/turn                R - ring "Houmpagu" {Wiz rElec rF+ rC+ Str-3}

@: about to teleport, flying, wreathed by umbra, studying Long Blades, heavily
drained
A: thin skeletal structure 3, foul stench 1, spiny 2, demonic touch 2
a: Renounce Religion, Shadow Step, Shadow Form


You were on level 4 of the Swamp.
You worshipped Dithmenos.
Dithmenos was exalted by your worship.
You visited 5 branches of the dungeon, and saw 27 of its levels.

You collected 4118 gold pieces.
You spent 701 gold pieces at shops.

Inventory:

Hand Weapons
 a - a +1 dagger
 d - a +2 dagger of draining (weapon)
 P - a +0 rapier of distortion
Missiles
 q - 4 throwing nets
Armour
 b - a +1 robe
 A - the +1 pair of gloves of Gehenna (worn) {rPois Str+6 Dex+2 SInv}
   (You acquired it on level 7 of the Dungeon)

   Str:       It affects your strength (+6).
   Dex:       It affects your dexterity (+2).
   rPois:     It protects you from poison.
   SInv:      It lets you see invisible.
 H - a +2 cloak of stealth (worn)
 O - a +0 pair of boots (worn)
 V - a +0 helmet (worn)
 Y - +0 steam dragon scales (worn)
Jewellery
 g - a ring of poison resistance
 m - an amulet of regeneration (around neck)
 D - a ring of magical power
 I - a ring of flight (left hand)
 K - an amulet of reflection
 R - the ring "Houmpagu" (right hand) {Wiz rElec rF+ rC+ Str-3}
   (You bought it in a shop on level 2 of the Orcish Mines)

   [ring of wizardry]

   It improves your spell success rate.
   Str:       It affects your strength (-3).
   rF:        It protects you from fire.
   rC:        It protects you from cold.
   rElec:     It insulates you from electricity.
 S - a ring of protection from fire
 U - a +6 ring of strength
 W - an amulet of the acrobat
Wands
 n - a wand of iceblast (5)
 o - a wand of charming (33)
 z - a wand of light (9)
 B - a wand of digging (18)
 N - a wand of mindburst (11)
 X - a wand of flame (38)
Scrolls
 e - 3 scrolls of poison
 f - 4 scrolls of enchant weapon
 j - 8 scrolls of teleportation
 k - 4 scrolls of amnesia
 s - 5 scrolls of immolation
 y - 2 scrolls of enchant armour
 E - 3 scrolls of fear
 F - 3 scrolls of vulnerability
 J - 5 scrolls of identify
 L - 2 scrolls of fog
 Q - a scroll of blinking
 T - 2 scrolls of silence
Potions
 c - a potion of invisibility
 h - 6 potions of flight
 i - 3 potions of brilliance
 l - 8 potions of might
 p - 2 potions of magic
 r - 7 potions of resistance
 t - 5 potions of lignification
 u - 2 potions of degeneration
 v - 2 potions of haste
 w - 6 potions of heal wounds
 x - 13 potions of curing
 C - 4 potions of attraction
 G - 4 potions of mutation
 M - 2 potions of ambrosia {unknown}


   Skills:
 + Level 13.1 Fighting
 + Level 11.4 Short Blades
 + Level 14.7 Dodging
 + Level 13.5 Stealth
 - Level 2.0 Spellcasting
 + Level 13.6 Hexes
 * Level 6.7 Translocations


You had 2 spell levels left.
You knew the following spells:

 Your Spells              Type           Power      Damage    Failure   Level
a - Ensorcelled Hibernat  Hex/Ice        48%        N/A       1%          2
b - Confusing Touch       Hex            48%        N/A       1%          3
c - Tukima's Dance        Hex            48%        N/A       1%          3
d - Blink                 Tloc           48%        N/A       1%          2
e - Manifold Assault      Tloc           24%        N/A       4%          4
f - Dazzling Flash        Conj/Hex       48%        N/A       1%          3

Your spell library contained the following spells:

 Spells                   Type           Power      Damage    Failure   Level
 Lesser Beckoning         Tloc           48%        N/A       1%          2
 Momentum Strike          Conj/Tloc      26%        3d8       3%          2
 Foxfire                  Conj/Fire      4%         2x1d4     8%          1
 Magic Dart               Conj           4%         1d3       8%          1
 Call Imp                 Summ           1%         N/A       12%         2
 Cigotuvi's Dreadful Rot  Necr/Pois/Air  2%         N/A       12%         2
 Poisonous Vapours        Pois/Air       2%         N/A       12%         2
 Inner Flame              Hex/Fire       24%        N/A       1%          3
 Portal Projectile        Hex/Tloc       72%        N/A       1%          3
 Summon Guardian Golem    Hex/Summ       24%        N/A       1%          3
 Leda's Liquefaction      Hex/Erth       12%        N/A       4%          4
 Vhi's Electric Charge    Tloc/Air       26%        N/A       6%          3
 Metabolic Englaciation   Hex/Ice        12%        N/A       13%         5
 Call Canine Familiar     Summ           1%         N/A       22%         3
 Mephitic Cloud           Conj/Pois/Air  1%         N/A       22%         3
 Summon Forest            Summ/Tloc      6%         N/A       45%         5
 Flame Wave               Conj/Fire      1%         2d4       56%         4
 Petrify                  Tmut/Erth      1%         N/A       56%         4
 Sticky Flame             Conj/Fire      1%         2d3       56%         4
 Discord                  Hex            24%        N/A       86%         8
 Arcjolt                  Conj/Air       0%         1d10      88%         5
 Blade Hands              Tmut           0%         N/A       88%         5
 Fireball                 Conj/Fire      0%         3d3       88%         5
 Iskenderun's Battlesphe  Conj           1%         2d6       88%         5
 Conjure Ball Lightning   Conj/Air       0%         3x3d6     100%        6
 Eringya's Noxious Bog    Tmut/Pois      0%         N/A       100%        6
 Starburst                Conj/Fire      0%         6d3       100%        6
 Statue Form              Tmut/Erth      0%         N/A       100%        6
 Orb of Destruction       Conj           0%         9d5       100%        7
 Spellforged Servitor     Conj/Summ      0%         N/A       100%        7
 Storm Form               Tmut/Air       0%         N/A       100%        7
 Summon Hydra             Summ           0%         N/A       100%        7
 Disjunction              Tloc           12%        N/A       100%        8
 Maxwell's Capacitive Co  Air            0%         ∞         100%        8


Dungeon Overview and Level Annotations

Branches:
Dungeon (15/15)            Temple (1/1) D:7            Lair (5/5) D:11
  Swamp (4/4) Lair:3        Snake (0/4) Lair:3        Slime (0/5) Lair:4
    Orc (2/2) D:10            Elf (0/3) Orc:2        Vaults (0/5) D:14
 Depths (0/4) D:15

Altars:
Ashenzari
Cheibriados
Dithmenos
Fedhas
Gozag
Hepliaklqana
Kikubaaqudgha
Makhleb
Nemelex Xobeh
Okawaru
Qazlal
Ru
Sif Muna
Trog
Uskayaw
Vehumet
Wu Jian
Xom
Yredelemnul
Jiyva
Lugonu

Shops:
D:1 :   D:3 =   D:4 !(   Orc:2 =([*

Portals:
Abyss: Lair:5

Annotations:
Lair:4 exclusion: 2 oklob plants


Innate Abilities, Weirdness & Mutations

You have an unnaturally thin skeletal structure. (Dex +6, Stealth+++)
You may rarely emit foul miasma when damaged in melee.
You are mostly covered in sharp spines.
Your touch may inflict irresistible damage on your foes.


Message History

The five-headed hydra is engulfed in spectral mist.
The tyrant leech completely misses you.
The spectral six-headed hydra barely misses you.
The spectral six-headed hydra bites you.
You feel drained.
The spectral six-headed hydra bites you but does no damage.
The spectral six-headed hydra bites you.
You feel drained.
The spectral six-headed hydra bites you!
* * * LOW HITPOINT WARNING * * *
You emit a cloud of dark smoke.
You feel drained.
* * * LOW HITPOINT WARNING * * *
The spectral six-headed hydra bites you.
* * * LOW HITPOINT WARNING * * *
The spectral anaconda bites you.
* * * LOW HITPOINT WARNING * * *
You hit the tyrant leech. You drain the tyrant leech.
The tyrant leech is severely wounded.
The spectral spriggan berserker is struck by your spines.
The spectral spriggan berserker completely misses you.
Unknown command.
You hit the tyrant leech.
You touch the tyrant leech.
The tyrant leech is severely wounded.
The spectral anaconda is struck by your spines.
The spectral anaconda bites you.
* * * LOW HITPOINT WARNING * * *
The spectral spriggan air mage completely misses you.
The will-o-the-wisp gestures.
The will-o-the-wisp conjures some foxfire!
The spectral six-headed hydra bites you!
* * * LOW HITPOINT WARNING * * *
You emit a cloud of dark smoke.
The spectral six-headed hydra misses you.
The spectral six-headed hydra completely misses you.
The spectral six-headed hydra bites you but does no damage.
The spectral six-headed hydra misses you.
The spectral six-headed hydra barely misses you.
The ghost crab bites you but does no damage.
The ghost crab misses you. The tyrant leech bites you!!
You die...

♣♣. ~~~~~~.. ♣♣
♣.~~~.~...... ♣..
♣.~~.§.§.~~~~#####
♣♣§♣♣♣..♣.§..~~~§.~~~~♣
♣~..♣....§/~~~ ♣~.<†
♣~.~.§D.§°§.♣ ♣♣♣♣...~
♣...vD♣D§§.♣ ♣♣♣~~...~~
♣vvwZD♣♣♣♣♣°.<~~Z.~~
~!.♣§@t♣○°Z°.§°~.○☼...
~.~♣ZZZ§.§°○~~~~.♣...§
#.~§○Z§§§≈≈.~..~.~°~~~
#.♣○♣♣♣○°≈§...♣##.○♣~~♣
#♣ ##°○..♣♣# §°#♣~..
###### ≈#.♣.~. ≈. ##♣~.
≈≈ .. ≈≈≈


You could see a five-headed hydra, 2 swamp dragons, a tyrant leech (drained), a
ghost crab, a spectral anaconda (summoned), a spectral six-headed hydra
(summoned), 2 spectral spriggan berserkers, a spectral spriggan air mage
(summoned) and a will-o-the-wisp.

Vanquished Creatures
  Mara (Swamp:3)
  A thorn hunter (Swamp:4)
  A fenstrider witch (Swamp:3)
  An orc warlord (Orc:2)
  2 eleionomae (Swamp:4)
  A bunyip (Swamp:1)
  A fire dragon (D:15)
  A great orb of eyes (D:15)
  A rakshasa (D:15)
  10 hydras
  A catoblepas (Lair:1)
  A ghost crab (Swamp:3)
  3 centaur warriors (D:13)
  6 two-headed ogres
  2 dancing weapons (D:14)
  6 boulder beetles
  A death knight (D:13)
  6 alligators
  2 tengu warriors
  5 death yaks
  2 thrashing horrors (Lair:5)
  2 orc high priests
  Urug (Lair:5)
  2 skysharks
  A spriggan druid (Swamp:1)
  2 goliath frogs
  9 swamp dragons
  A wizard (D:15)
  7 orc knights
  A deep elf pyromancer (D:15)
  4 bog bodies
  3 orc sorcerers
  17 ugly things
  A salamander (Lair:3)
  3 manticores
  5 cyclopes
  Maurice (D:8)
  4 large abominations (Lair:5)
  2 elephants (Lair:4)
  A smoke demon (Lair:5)
  5 black mambas
  Joseph (D:7)
  3 torpor snails
  8 cane toads
  Psyche (D:8)
  4 rime drakes
  A gargoyle (D:12)
  A kobold demonologist (D:11)
  7 komodo dragons
  A yaktaur (shapeshifter) (Lair:5)
  An efreet (D:15)
  A tengu conjurer (D:14)
  2 bloated husks
  2 ancient zymes (Lair:5)
  A queen bee (Lair:4)
  6 tyrant leeches
  A hornet (Swamp:2)
  6 meliai
  5 trolls
  2 polar bears
  A wolf spider simulacrum (D:14)
  2 snapping turtles (shapeshifter)
  26 blink frogs
  Sigmund (D:6)
  5 dream sheep (Lair:4)
  A culicivora (shapeshifter) (D:15)
  19 slime creatures
  3 spriggans
  3 shadows
  A water elemental (D:14)
  6 wyverns
  2 ynoxinuls (Lair:5)
  A vampire (D:12)
  3 wraiths
  9 basilisks
  10 vampire mosquitoes
  A chaos spawn (Lair:5)
  43 yaks
  A steam dragon (Swamp:4)
  9 wargs
  6 swamp worms
  A swamp worm (shapeshifter) (D:13)
  13 water moccasins
  3 swamp drakes (Swamp:4)
  26 orc warriors
  2 ice beasts
  A sky beast (D:8)
  4 black bears (D:11)
  22 centaurs
  15 ogres
  14 wolves
  A phantom (D:4)
  8 bullfrogs
  2 kobold brigands (D:10)
  A gnoll sergeant (D:10)
  6 scorpions
  8 wights
  44 killer bees
  3 howler monkeys
  An electric eel (Lair:2)
  4 lava snakes
  10 orc priests
  7 jellies
  11 small abominations (Lair:5)
  A gnoll bouda (D:5)
  4 hounds
  2 sleepcaps (D:4)
  An iguana (D:4)
  9 orc wizards
  Robin (D:2)
  12 gnolls
  10 adders
  2 river rats (Lair:4)
  A shadow imp (D:4)
  A white imp (D:5)
  3 worms (D:7)
  3 dart slugs (D:3)
  46 orcs
  4 ball pythons
  9 endoplasms
  4 giant cockroaches
  20 goblins
  17 hobgoblins
  2 jackals (D:4)
  23 kobolds
  4 quokkas
  5 bats
  4 frilled lizards
  7 rats
736 creatures vanquished.

Vanquished Creatures (collateral kills)
  An orc (Orc:1)
1 creature vanquished.

Vanquished Creatures (others)
  An alligator (Swamp:4)
  A swamp dragon (Swamp:4)
  2 bloated husks
  A fire elemental (Swamp:4)
  2 steam dragons (Swamp:4)
  A swamp worm (Swamp:4)
  3 swamp drakes
  An orc warrior (Orc:1)
  A wight (D:7)
  A killer bee (Lair:4)
  An orc wizard (Orc:1)
  An orc (Orc:1)
  A bush (Lair:4)
  22 fungi
  30 plants
69 creatures vanquished.

Grand Total: 806 creatures vanquished

Notes
Turn   | Place    | Note
-------+----------+-------------------------------------------
     0 | D:1      | 2tousent the Demonspawn Enchanter began the quest for the
                  | Orb.
     0 | D:1      | Reached XP level 1. HP: 13/13 MP: 3/3
    26 | D:1      | Reached skill level 1 in Short Blades
   157 | D:1      | Gained mutation: You have a somewhat thin skeletal
                  | structure. (Dex +2, Stealth+) [demonic ancestry]
   157 | D:1      | Reached XP level 2. HP: 9/19 MP: 5/5
   260 | D:1      | Found Tanumoji's Book Shoppe.
   361 | D:1      | Found a faded altar of an unknown god.
   493 | D:1      | Reached skill level 2 in Dodging
   814 | D:2      | Gained mutation: Your touch may inflict minor irresistible
                  | damage on your foes. [demonic ancestry]
   814 | D:2      | Reached XP level 3. HP: 25/25 MP: 6/6
   985 | D:2      | Reached skill level 1 in Fighting
  1114 | D:2      | Reached XP level 4. HP: 26/32 MP: 7/7
  1216 | D:2      | Noticed Robin
  1228 | D:2      | Killed Robin
  1371 | D:2      | You fall into a shaft and drop 2 floors!
  1491 | D:4      | Gained mutation: You may rarely emit foul miasma when
                  | damaged in melee. [demonic ancestry]
  1491 | D:4      | Reached XP level 5. HP: 28/37 MP: 8/8
  1501 | D:4      | Learned a level 2 spell: Ensorcelled Hibernation
  1575 | D:4      | Learned a level 3 spell: Confusing Touch
  1579 | D:4      | Learned a level 3 spell: Tukima's Dance
  1621 | D:4      | Found a snail-covered altar of Cheibriados.
  1780 | D:3      | Found a stormy altar of Qazlal.
  1782 | D:3      | Noticed an air elemental
  1782 | D:3      | Noticed a fire elemental
  1782 | D:3      | Noticed a water elemental
  1914 | D:3      | Found Vantes's Jewellery Boutique.
  2380 | D:3      | Found a burning altar of Makhleb.
  2681 | D:2      | Reached XP level 6. HP: 29/44 MP: 6/9
  2941 | D:4      | Reached skill level 3 in Dodging
  3196 | D:4      | Gained mutation: You are partially covered in sharp spines.
                  | [demonic ancestry]
  3196 | D:4      | Reached XP level 7. HP: 44/51 MP: 5/10
  3388 | D:4      | Found Cihep's Weapon Emporium.
  3401 | D:4      | Found Kylarphu's Distillery.
  3405 | D:4      | Bought a potion of heal wounds for 60 gold pieces
  3405 | D:4      | Bought a potion of curing for 36 gold pieces
  3412 | D:4      | Identified a scroll of acquirement
  3412 | D:4      | Acquired 614 gold pieces
  3471 | D:4      | Found a shimmering altar of Xom.
  3626 | D:5      | Entered Level 5 of the Dungeon
  3742 | D:5      | Found a sacrificial altar of Ru.
  4538 | D:5      | Learned a level 2 spell: Blink
  5012 | D:6      | Reached XP level 8. HP: 58/58 MP: 11/11
  5150 | D:6      | Reached skill level 5 in Short Blades
  5187 | D:6      | Noticed Sigmund
  5202 | D:6      | Killed Sigmund
  5203 | D:6      | Reached skill level 4 in Dodging
  5203 | D:6      | Reached skill level 5 in Hexes
  5206 | D:6      | Reached skill level 5 in Stealth
  5590 | D:7      | Acquired 835 gold pieces
  5923 | D:7      | Acquired the +1 pair of gloves of Gehenna {rPois Str+6
                  | Dex+2 SInv}
  5944 | D:7      | Noticed a moth of wrath
  5948 | D:7      | Found a bloodstained altar of Trog.
  6383 | D:7      | Found a blossoming altar of Fedhas.
  6388 | D:7      | Found a broken altar of Ashenzari.
  6562 | D:7      | Reached XP level 9. HP: 66/66 MP: 12/12
  6573 | D:7      | Found a staircase to the Ecumenical Temple.
  6582 | Temple   | Entered the Ecumenical Temple
  6643 | Temple   | Became a worshipper of Dithmenos the Shadowed
  6694 | D:7      | Found a sparkling altar of Nemelex Xobeh.
  7177 | D:7      | Noticed Joseph
  7182 | D:7      | Killed Joseph
  7309 | D:8      | Noticed Maurice
  7313 | D:8      | Killed Maurice
  7314 | D:8      | Reached skill level 5 in Fighting
  7314 | D:8      | Reached skill level 5 in Dodging
  7443 | D:8      | Noticed a troll
  7449 | D:8      | Killed a troll
  7656 | D:8      | Noticed Psyche
  7661 | D:8      | Killed Psyche
  7765 | D:8      | Gained mutation: You are mostly covered in sharp spines.
                  | [demonic ancestry]
  7765 | D:8      | Reached XP level 10. HP: 75/75 MP: 13/13
  7842 | D:8      | Reached * piety under Dithmenos
  8229 | D:9      | Reached skill level 6 in Dodging
  8960 | D:10     | Entered Level 10 of the Dungeon
  8982 | D:10     | Found a hazy altar of Hepliaklqana.
  9429 | D:10     | Reached ** piety under Dithmenos
  9590 | D:10     | Found a staircase to the Orcish Mines.
  9667 | D:10     | Gained mutation: You have a moderately thin skeletal
                  | structure. (Dex +4, Stealth++) [demonic ancestry]
  9667 | D:10     | Reached XP level 11. HP: 46/83 MP: 14/14
 10179 | D:11     | Found a staircase to the Lair.
 10336 | D:11     | Noticed a two-headed ogre
 10357 | D:11     | Noticed a two-headed ogre
 10366 | D:11     | Killed a two-headed ogre
 10369 | D:11     | Killed a two-headed ogre
 10390 | D:11     | Reached skill level 7 in Dodging
 10547 | D:11     | Reached *** piety under Dithmenos
 10821 | D:11     | Reached skill level 10 in Short Blades
 10873 | D:11     | Noticed a boulder beetle
 10878 | D:11     | Killed a boulder beetle
 11081 | D:11     | Noticed a brown ugly thing
 11088 | D:11     | Killed a brown ugly thing
 11251 | Lair:1   | Entered Level 1 of the Lair of Beasts
 11371 | Lair:1   | Noticed a death yak
 11379 | Lair:1   | Killed a death yak
 11516 | Lair:1   | Reached XP level 12. HP: 93/93 MP: 15/15
 11541 | Lair:1   | Noticed a catoblepas
 11548 | Lair:1   | Killed a catoblepas
 11549 | Lair:1   | Reached skill level 8 in Dodging
 11787 | Lair:1   | Noticed a boulder beetle
 11802 | Lair:1   | Killed a boulder beetle
 12277 | Lair:2   | Reached **** piety under Dithmenos
 12857 | Lair:3   | Acquired a manual of Dodging
 12896 | Lair:3   | Found a staircase to the Swamp.
 12913 | Lair:3   | Reached skill level 9 in Dodging
 13134 | Lair:3   | Reached skill level 10 in Hexes
 13270 | Lair:3   | Reached skill level 10 in Stealth
 13385 | Lair:3   | Found a staircase to the Snake Pit.
 13832 | Lair:4   | Found a staircase to the Slime Pits.
 13833 | Lair:4   | Found a viscous altar of Jiyva.
 13889 | Lair:4   | Gained mutation: You have an unnaturally thin skeletal
                  | structure. (Dex +6, Stealth+++) [demonic ancestry]
 13889 | Lair:4   | Reached XP level 13. HP: 103/103 MP: 16/16
 13892 | Lair:4   | Reached ***** piety under Dithmenos
 13910 | Lair:4   | Reached skill level 10 in Dodging
 14018 | Lair:4   | Reached skill level 10 in Fighting
 14756 | Lair:4   | Reached skill level 11 in Dodging
 15429 | Lair:5   | Entered Level 5 of the Lair of Beasts
 15630 | Lair:5   | Noticed Urug
 15638 | Lair:5   | Killed Urug
 15673 | Lair:5   | Reached ****** piety under Dithmenos
 15740 | Lair:5   | Reached skill level 12 in Dodging
 16177 | Lair:5   | Reached XP level 14. HP: 64/113 MP: 17/17
 16821 | Lair:5   | Found a corrupted altar of Lugonu.
 16821 | Lair:5   | Found a one-way gate to the infinite horrors of the Abyss.
 17046 | Orc:1    | Entered Level 1 of the Orcish Mines
 17100 | Orc:1    | Reached skill level 13 in Dodging
 17107 | Orc:1    | HP: 4/114 [orc warrior/+0 glaive[an orc knight] (22)]
 17122 | Orc:2    | Entered Level 2 of the Orcish Mines
 17445 | Orc:2    | Noticed an orc warlord
 17446 | Orc:2    | Found Ocauti's Jewellery Shoppe.
 17542 | Orc:2    | Killed an orc warlord
 17684 | Orc:2    | Found Githreche's Antique Weapon Shoppe.
 17841 | Orc:2    | Found a staircase to the Elven Halls.
 17890 | Orc:2    | Found Kyutastu's Antique Armour Shoppe.
 17990 | Orc:2    | Found Regagayl's General Store.
 18087 | Orc:2    | Bought a scroll of teleportation for 33 gold pieces
 18087 | Orc:2    | Bought a potion of heal wounds for 55 gold pieces
 18324 | Orc:2    | Bought the ring "Houmpagu" {Wiz rElec rF+ rC+ Str-3} for
                  | 517 gold pieces
 19148 | D:12     | Learned a level 4 spell: Manifold Assault
 19206 | D:12     | Reached skill level 1 in Translocations
 20161 | D:13     | Gained mutation: Your touch may inflict irresistible damage
                  | on your foes. [demonic ancestry]
 20161 | D:13     | Reached XP level 15. HP: 122/122 MP: 15/18
 20705 | D:14     | Reached skill level 14 in Dodging
 20939 | D:14     | Found a gate to the Vaults.
 21038 | D:14     | Found a radiant altar of Vehumet.
 21290 | D:15     | Entered Level 15 of the Dungeon
 22528 | D:15     | Found a staircase to the Depths.
 22853 | Swamp:1  | Entered Level 1 of the Swamp
 22864 | Swamp:1  | Found a frozen archway.
 23071 | Swamp:1  | Reached skill level 5 in Translocations
 23884 | Swamp:2  | Found a shadowy altar of Dithmenos.
 24154 | Swamp:3  | Noticed a fenstrider witch
 24171 | Swamp:3  | Killed a fenstrider witch
 24231 | Swamp:3  | Noticed Mara
 24362 | Swamp:3  | Noticed 2tousent's illusion
 24368 | Swamp:3  | Killed Mara
 24369 | Swamp:3  | Reached XP level 16. HP: 87/130 MP: 19/19
 24377 | Swamp:3  | Learned a level 3 spell: Dazzling Flash
 24761 | Swamp:4  | Entered Level 4 of the Swamp
 24761 | Swamp:4  | Noticed a thorn hunter
 24764 | Swamp:4  | Killed a thorn hunter
 25062 | Swamp:4  | Slain by a tyrant leech

Illustrated notes

Levels and vault maps discovered:
D:1:      roderic_chinese_lattice_arrival, layout_basic, serial_glass,
          glass_columns_c, glass_columns_a, serial_shops, shop,
          ebering_ecumenical_altar_petrified
D:2:      layout_basic, grunt_ministairs_2, uniq_robin
D:3:      layout_basic, mainiacjoe_overflow_six_doors_small,
          nicolae_qazlal_style_of_elements, serial_shops, shop,
          bh_walls_and_bars
D:4:      cheibrodos_greedy_goblins, layout_rooms, lemuel_round_altar,
          lemuel_round_altar, serial_shops, nicolae_diamond_shop,
          kennysheep_mini_moat, st_stairs_11, minmay_manual_mandibuliform
D:5:      layout_gridville, lemuel_round_altar
D:6:      layout_basic, minmay_misc_feat_columns, uniq_sigmund
D:7:      layout_layer_cave, mainiacjoe_overflow_boulevard,
          mainiacjoe_overflow_surrounded_room, tgw_trog,
          gammafunk_temple_overflow_pools, lemuel_temple_firewalk_b, uniq_joseph
D:8:      layout_loops_ring, uniq_psyche, uniq_maurice
D:9:      layout_basic
D:10:     layout_loops_corners, zin_scriptorium, lemuel_tele_altar,
          minmay_orc_entry_guard_dogs
D:11:     layout_loops_ring, minmay_lair_entry_grove
D:12:     layout_cave_pods
D:13:     layout_basic
D:14:     layout_irregular_city, erik_vaults_1, serial_bayou_pond_c,
          serial_bayou_ford_a, fiery_altar_vehumet
D:15:     gammafunk_enter_depths_forms, layout_gridville, drop_trap,
          lemuel_flamethrower_2
Temple:   eino_wide_crystal_templ
Lair:1:   layout_regular_city
Lair:2:   layout_hall_layers, infiniplex_staircase_pool
Lair:3:   layout_chaotic_city, skrybe_swamp_entry_bodies,
          nicolae_snake_entry_warm_welcome
Lair:4:   hangedman_what_comes_after_a, layout_cave_pods,
          minmay_slime_entry_pillars, minmay_hedge_maze
Lair:5:   hellmonk_lair_end_abyssal_woods, layout_big_grid,
          serial_bayou_shore_b, grunt_megastairs_1, uniq_urug
Swamp:1:  layout_basic_swamp, portal_ice_cave_entry_ugly_swarm,
          nicolae_swamp_round_clearing, infiniplex_staircase_pool_2
Swamp:2:  layout_falls_marsh, nicolae_swamp_godswood
Swamp:3:  layout_falls_marsh, evilmike_swamp_ruin_rubble_1, uniq_mara
Swamp:4:  swamp_fiery, layout_basic_swamp, ebering_ghost_disaster_area
Orc:1:    layout_caves, basic_altar
Orc:2:    grunt_orc_gardens, layout_diamond_mine, grunt_orc_garden,
          grunt_orc_garden, grunt_orc_garden, grunt_orc_garden

Skill      XL: |  1  2  3  4  5  6  7  8  9 10 11 12 13 14 15 |
---------------+----------------------------------------------+-----
Short Blades   | 1 2 3 4 6 7 9 10 11 | 11.4
Dodging        | 2 3 4 5 6 7 9 12 13 14 | 14.7
Stealth        | 3 4 5 6 7 8 10 11 12 13 | 13.5
Fighting       | 1 2 3 4 5 6 8 9 11 12 13 | 13.1
Hexes          | 4 5 6 7 8 10 11 12 13 | 13.6
Translocations | 2 6 |  6.7
Spellcasting   | |  2.0

Action                     |  1- 3 |  4- 6 |  7- 9 | 10-12 | 13-15 | 16-18 || total
---------------------------+-------+-------+-------+-------+-------+-------++-------
  Melee: Dagger            |    88 |   142 |   135 |   459 |  1092 |   100 ||  2016
         Touch             |     6 |    21 |    26 |   111 |   227 |    24 ||   415
         Punch             |       |       |       |     6 |    18 |     1 ||    25
   Cast: Ensorcelled Hiber |       |    10 |    31 |    26 |   114 |     1 ||   182
         Confusing Touch   |       |       |     4 |     4 |     6 |       ||    14
         Manifold Assault  |       |       |       |       |       |     2 ||     2
         Blink             |       |       |       |       |       |     1 ||     1
 Invoke: Shadow Step       |       |       |       |       |     1 |       ||     1
  Evoke: Wand              |       |       |     2 |       |    14 |       ||    16
    Use: Potion            |     1 |     1 |     1 |       |     7 |       ||    10
         Scroll            |       |       |    13 |    13 |     6 |     1 ||    33
   Stab: Sleeping          |     6 |    17 |    35 |    54 |   169 |     4 ||   285
         Invisible         |     1 |     1 |       |       |     2 |       ||     4
         Confused          |       |       |     2 |     2 |     2 |     2 ||     8
         Distracted        |       |       |     1 |     3 |     5 |     4 ||    13
 Armour: Robe              |    11 |    13 |    11 |    60 |   109 |     8 ||   212
         Steam dragon scal |       |       |       |       |       |    11 ||    11
  Dodge: Dodged            |    44 |    93 |    55 |   267 |  1045 |   119 ||  1623

Table legend: (Time is in decaauts)
 A = Elapsed time spent in this place.
 B = Non-inter-level travel time spent in this place.
 C = Inter-level travel time spent in this place.
 D = Time resting spent in this place.
 E = Time spent auto-exploring this place.
 F = Levels seen in this place.
 G = Mean time per level.
                   A        B        C        D        E       F      G
               +--------+--------+--------+--------+--------+-----+--------+
         Total |  24222 |  22611 |   1611 |   1143 |  17262 |  27 |  897.1 |
       Dungeon |  14892 |  13903 |    989 |    543 |  11146 |  15 |  992.8 |
        Temple |     76 |     46 |     30 |      0 |     37 |   1 |   76.0 |
          Lair |   5512 |   5136 |    376 |    293 |   3616 |   5 | 1102.4 |
         Swamp |   2089 |   2002 |     87 |    204 |   1372 |   4 |  522.2 |
  Orcish Mines |   1651 |   1523 |    128 |    102 |   1090 |   2 |  825.5 |
               +--------+--------+--------+--------+--------+-----+--------+

Top non-repeatable levels by time:
  Lair:4: 1621 daAuts
     D:7: 1424 daAuts
  Lair:5: 1360 daAuts
    D:15: 1337 daAuts
    D:10: 1332 daAuts
   Orc:2: 1203 daAuts
     D:4: 1143 daAuts
     D:6: 1042 daAuts
     D:2: 1025 daAuts
    D:12: 976 daAuts
    D:11: 961 daAuts
  Lair:3: 948 daAuts
     D:5: 941 daAuts
     D:1: 854 daAuts
     D:9: 808 daAuts
